 Dungeon Crawl Stone Soup version 0.17.1-3-g152610e (webtiles) character file.

15263 kaze the Nimble (level 11, -3/111 HPs)
             Began as a Troll Berserker on Mar 1, 2016.
             Was a High Priest of Trog.
             Engulfed by a cloud of freezing vapour (24 damage)
             ... in an ice cave.
             The game lasted 00:46:49 (12181 turns).

kaze the Nimble (Troll Berserker)                  Turns: 12181, Time: 00:46:49

Health: -3/111     AC: 11    Str: 35    XL:     11   Next: 99%
Magic:  10/10      EV: 11    Int:  3    God:    Trog [*****.]
Gold:   627        SH: 20    Dex:  9    Spells: 0 memorised, 10 levels left

rFire  . . .     SeeInvis .     w - +4 flail (protect)
rCold  . . .     Clarity  .     k - +1 robe {rN+}
rNeg   + + .     SustAt   .     N - +2 large shield
rPois  .         Gourm    +     (helmet restricted)
rElec  .         Spirit   .     (no cloak)
rCorr  .         Warding  .     (gloves unavailable)
rMut   .         Stasis   .     (boots unavailable)
MR     .....                    (no amulet)
Stlth  +.........               P - +5 ring of strength
                                A - ring of positive energy

@: exhausted, slowed, very slow, not resistant to hostile enchantments, very
unstealthy
A: unfitting armour, claws 3, fast metabolism 3, gourmand, regeneration 2,
shaggy fur 1, tough skin 2
a: Berserk, Trog's Hand, Brothers in Arms, Burn Spellbooks, Renounce Religion


You were in an ice cave.
You worshipped Trog.
Trog was extremely pleased with you.
You were not hungry.

You visited 1 branch of the dungeon, and saw 12 of its levels.
You also visited: Ice Cave.

You collected 627 gold pieces.

Inventory:

Hand Weapons
 w - a +4 flail of protection (weapon)
 x - a +5 trident
 B - a +3 longbow of velocity
Missiles
 c - 5 large rocks
 o - 3 tomahawks (quivered)
 r - 2 steel tomahawks
 s - 5 poisoned javelins
 t - 4 javelins
 z - a throwing net
Armour
 k - a +1 robe of positive energy (worn)
 L - a troll hide
 N - a +2 large shield (worn)
Jewellery
 a - a cursed ring of flight {unknown}
 A - a ring of positive energy (left claw)
 D - an uncursed ring of sustain attributes {unknown}
 G - a cursed amulet of inaccuracy {unknown}
 J - an uncursed amulet of rage {unknown}
 P - a +5 ring of strength (right claw)
Wands
 v - a wand of fireball (3)
Scrolls
 d - 3 scrolls of amnesia
 e - 4 scrolls of random uselessness
 g - 4 scrolls of remove curse
 h - 3 scrolls of magic mapping
 i - a scroll of identify
 y - a scroll of fear
 C - 2 scrolls of recharging
 H - a scroll of brand weapon {unknown}
Potions
 f - 4 potions of curing
 j - 2 potions of agility
 p - 2 potions of lignification
 u - a potion of flight
 E - 2 potions of haste
 F - a potion of cancellation {unknown}
Miscellaneous
 m - a lantern of shadows
 n - a lamp of fire
Comestibles
 b - 6 bread rations
 l - 11 meat rations
 q - 8 slices of pizza
 I - 6 chunks of flesh
 O - 2 beef jerkies


   Skills:
 + Level 7.8 Fighting
   Level 1.0(4.5) Axes
 + Level 4.3(4.4) Maces & Flails
 + Level 5.7 Polearms
 + Level 0.1 Throwing
 + Level 10.8 Dodging
 - Level 0.1 Stealth
 + Level 7.0 Shields
 + Level 3.9 Unarmed Combat


You had 10 spell levels left.
You didn't know any spells.

Dungeon Overview and Level Annotations

Branches:
Dungeon (12/15)            Temple (0/1) D:7            Lair (0/8) D:11
    Orc (0/4) D:9

Altars:
Ashenzari
Cheibriados
Elyvilon
Kikubaaqudgha
Vehumet

Shops:
D:11 %

Annotations:
D:11 exclusion: orange crystal statue


Innate Abilities, Weirdness & Mutations

You are too large for most types of armour.
You have claws for hands.
Your metabolism is lightning-fast.
You like to eat raw meat.
You heal very quickly.
You are covered in fur (AC +1).
You have very tough skin (AC +2).


Message History

Trog accepts your kill.
Your Shields skill increases to level 7!
The yak gores you!
* * * LOW HITPOINT WARNING * * *
You block the yak's attack.
You see here a polar bear corpse.
You sock the yak!
You kill the yak!
Trog accepts your kill.
You feel a strong urge to attack something.
You are no longer berserk.
You are exhausted.
You feel yourself slow down.
You see here a polar bear corpse.
You butcher the polar bear corpse.
I - 6 chunks of flesh You are engulfed in freezing vapours.
* * * LOW HITPOINT WARNING * * *
You are engulfed in freezing vapours.
You die...

#.∩.#
#...#
#...##
##...#
#...##
##..#
##.##
#..##
##@§##
##§§#
#§§§.#
#§#§§##
##§§##
.## ..
.# ..


There were no monsters in sight!

Vanquished Creatures
  Pikel (D:5)
  4 hill giants
  A cyclops (D:11)
  2 gargoyles
  A kobold demonologist (D:12)
  2 trolls
  A polar bear (IceCv)
  2 two-headed ogres (D:8)
  Grinder (D:5)
  A deep elf mage (D:11)
  A shadow (D:12)
  15 yaks
  4 hippogriffs
  A wyvern (D:12)
  A human (D:10)
  4 wraiths
  Eustachio (D:5)
  2 wolves (IceCv)
  A hungry ghost (D:10)
  Edmund (D:6)
  Duvessa (D:5)
  3 orc warriors
  A wasp (D:7)
  A phantom (D:4)
  2 sky beasts (D:11)
  A black bear (D:10)
  5 ogres
  A necrophage (D:10)
  9 ice beasts
  4 centaurs
  6 giant frogs
  3 big kobolds
  Dowan (D:5)
  2 wyvern skeletons
  A water moccasin zombie (D:5)
  3 scorpions
  5 crimson imps
  11 wights
  2 centaur zombies
  2 giant frog zombies
  12 orc priests
  A centaur skeleton (D:8)
  4 jellies
  14 orc wizards
  8 hounds
  8 worker ants
  4 iguanas
  2 sheep (D:10)
  A worker ant zombie (D:6)
  A hound skeleton (D:8)
  12 adders
  4 gnolls (D:7)
  2 shadow imps
  An ooze (D:1)
  3 adder zombies
  A worm (D:4)
  4 giant geckos
  53 orcs
  4 ball pythons
  6 bats
  4 giant cockroaches
  10 goblins
  9 hobgoblins
  18 jackals
  6 quokkas
  2 giant gecko skeletons
  7 giant newts
  A jackal zombie (D:5)
  20 kobolds
  2 quokka skeletons
  12 rats
347 creatures vanquished.

Vanquished Creatures (others)
  A yak (IceCv)
  A wolf (IceCv)
  A human (D:3)
  An orc priest (D:5)
  An adder (D:5)
  2 orcs (D:5)
  A bush (D:10)
8 creatures vanquished.

Grand Total: 355 creatures vanquished

Notes
Turn   | Place    | Note
--------------------------------------------------------------
     0 | D:1      | kaze the Troll Berserker began the quest for the Orb.
     0 | D:1      | Reached XP level 1. HP: 22/22 MP: 0/0
   132 | D:1      | Reached XP level 2. HP: 29/29 MP: 1/1
   415 | D:1      | Reached ** piety under Trog
   585 | D:1      | Reached XP level 3. HP: 36/36 MP: 2/2
  1112 | D:2      | Reached XP level 4. HP: 29/45 MP: 3/3
  1346 | D:3      | Found an ancient bone altar of Kikubaaqudgha.
  1347 | D:3      | Noticed a human
  1350 | D:3      | Killed a human
  1517 | D:3      | Reached *** piety under Trog
  1734 | D:3      | Reached XP level 5. HP: 43/53 MP: 4/4
  1841 | D:4      | Found a white marble altar of Elyvilon.
  1885 | D:4      | Reached skill level 4 in Dodging
  1969 | D:4      | Found a snail-covered altar of Cheibriados.
  2336 | D:4      | Reached XP level 6. HP: 62/62 MP: 5/5
  2343 | D:4      | Reached **** piety under Trog
  2406 | D:4      | Noticed a phantom
  2416 | D:4      | Killed a phantom
  2416 | D:4      | Reached skill level 1 in Axes
  2626 | D:5      | Entered Level 5 of the Dungeon
  2895 | D:5      | Reached skill level 1 in Polearms
  2895 | D:5      | Reached XP level 7. HP: 58/71 MP: 6/6
  2942 | D:5      | Reached skill level 5 in Dodging
  3031 | D:5      | Noticed Eustachio
  3061 | D:5      | Killed Eustachio
  3138 | D:5      | Noticed Dowan
  3139 | D:5      | Noticed Duvessa
  3149 | D:5      | Killed Duvessa
  3157 | D:5      | Killed Dowan
  3157 | D:5      | Reached XP level 8. HP: 70/79 MP: 7/7
  3287 | D:5      | Noticed Pikel
  3302 | D:5      | Killed Pikel
  3302 | D:5      | Reached skill level 5 in Fighting
  3302 | D:5      | Reached skill level 6 in Dodging
  3379 | D:5      | Noticed Grinder
  3386 | D:5      | Killed Grinder
  3386 | D:5      | Reached skill level 7 in Dodging
  3631 | D:6      | Noticed Edmund
  3644 | D:6      | Killed Edmund
  3664 | D:6      | Found a shattered altar of Ashenzari.
  3682 | D:6      | Reached XP level 9. HP: 69/89 MP: 8/8
  4388 | D:6      | Reached skill level 1 in Shields
  4477 | D:7      | Found a staircase to the Ecumenical Temple.
  4852 | D:7      | Reached ***** piety under Trog
  4888 | D:7      | Reached skill level 8 in Dodging
  5101 | D:7      | Found a radiant altar of Vehumet.
  6683 | D:8      | Reached XP level 10. HP: 35/100 MP: 9/9
  6698 | D:8      | Reached skill level 5 in Polearms
  7209 | D:8      | Found a snail-covered altar of Cheibriados.
  7393 | D:8      | Reached skill level 9 in Dodging
  7573 | D:9      | Found a staircase to the Orcish Mines.
  8126 | D:9      | Received a gift from Trog
  8533 | D:10     | Entered Level 10 of the Dungeon
  8797 | D:10     | Reached skill level 1 in Maces & Flails
  9327 | D:10     | Reached skill level 5 in Shields
  9333 | D:10     | Noticed a hill giant
  9350 | D:10     | Killed a hill giant
  9350 | D:10     | Reached XP level 11. HP: 86/109 MP: 10/10
  9852 | D:10     | Noticed a hill giant
  9864 | D:10     | Killed a hill giant
  9893 | D:11     | Noticed an orange crystal statue
 10028 | D:11     | Found Acoc's Food Emporium.
 10189 | D:11     | Found a staircase to the Lair.
 10300 | D:11     | Noticed a hill giant
 10311 | D:11     | Killed a hill giant
 10311 | D:11     | Reached skill level 10 in Dodging
 11003 | D:11     | Noticed a hill giant
 11013 | D:11     | Killed a hill giant
 11275 | D:11     | Received a gift from Trog
 11819 | D:12     | Found a frozen archway.
 11929 | IceCv    | Entered an ice cave
 12181 | IceCv    | Engulfed by a cloud of freezing vapour

Action                   |  1- 3 |  4- 6 |  7- 9 | 10-12 || total
-------------------------+-------+-------+-------+-------++-------
Melee: Unarmed           |   111 |    21 |       |       ||   132
       Hand axe          |       |    61 |       |       ||    61
       Trident           |       |    89 |   473 |   233 ||   795
       Flail             |       |       |       |   475 ||   475
Throw: Tomahawk          |       |       |     3 |       ||     3
Invok: Berserk           |       |     2 |     5 |    14 ||    21
       Trog's Hand       |       |       |     2 |     4 ||     6
       Burn Spellbooks   |       |       |     1 |     4 ||     5
  Use: Scroll            |       |       |    15 |     5 ||    20
       Potion            |       |       |    12 |       ||    12
 Stab: Sleeping          |     1 |     1 |     2 |       ||     4
  Eat: Chunk             |    15 |    14 |    32 |    65 ||   126
       Fruit             |       |       |     3 |       ||     3
       Bread ration      |       |       |     1 |     2 ||     3
       Beef jerky        |       |       |     1 |       ||     1
